 Dungeon Crawl Stone Soup version 0.18.1-48-g4cf74bf (webtiles) character file.

616 Inkary the Skirmisher (level 7, -1/94 HPs)
             Began as a Minotaur Berserker on Sept 4, 2016.
             Was a Believer of Trog.
             Slain by a gnoll
             ... wielding a +0 spear
              (6 damage)
             ... on level 4 of the Dungeon.
             The game lasted 00:04:34 (2550 turns).

Inkary the Skirmisher (Minotaur Berserker)          Turns: 2550, Time: 00:04:34

Health: -1/94      AC:  4    Str: 27    XL:     7   Next: 21%
Magic:  6/6        EV: 13    Int:  9    God:    Trog [**....]
Gold:   224        SH:  0    Dex: 11    Spells: 0 memorised, 6 levels left

rFire  . . .     SeeInvis .     v - -2 whip (curse)
rCold  . . .     Gourm    .     n - +0 robe (curse)
rNeg   . . .     Faith    .     (no shield)
rPois  .         Spirit   .     (helmet restricted)
rElec  .         Dismiss  .     (no cloak)
rCorr  .         Reflect  .     q - +1 pair of gloves
SustAt .         Harm     .     (no boots)
MR     ++...                    (no amulet)
Stlth  ..........               p - +5 ring of intelligence
                                f - ring of stealth

@: berserking, regenerating, very quick, very resistant to hostile enchantments,
extremely unstealthy
A: retaliatory headbutt, horns 2
a: Berserk, Trog's Hand, Burn Spellbooks, Renounce Religion


You were on level 4 of the Dungeon.
You worshipped Trog.
Trog was pleased with you.
You were not hungry.

You visited 1 branch of the dungeon, and saw 4 of its levels.

You collected 224 gold pieces.

Inventory:

Hand Weapons
 a - a +1 mace
 v - a cursed -2 whip (weapon)
Armour
 n - a cursed +0 robe (worn)
 q - a +1 pair of gloves (worn)
Jewellery
 f - a ring of stealth (left hand)
 p - a +5 ring of intelligence (right hand)
 x - a cursed ring of loudness {unknown}
Wands
 t - a wand of flame (38/48)
Scrolls
 d - 2 scrolls of enchant weapon
 g - 5 scrolls of identify
 k - 2 scrolls of immolation
 s - a scroll of enchant armour
Potions
 b - 2 potions of flight
 e - a potion of agility
 i - a potion of cure mutation
 j - 2 potions of lignification {unknown}
 l - a potion of ambrosia
 r - a potion of heal wounds {unknown}
 u - a potion of cancellation {unknown}
Comestibles
 c - 2 bread rations
 h - 2 meat rations
 m - a royal jelly
 o - 2 chunks of flesh


   Skills:
 + Level 6.1 Fighting
 + Level 5.7 Maces & Flails
 + Level 5.1 Armour
 + Level 4.6 Dodging


You had 6 spell levels left.
You didn't know any spells.

Dungeon Overview and Level Annotations

Branches:
Dungeon (4/15)
 Temple: D:4-7

Altars:
Makhleb
Qazlal
Trog
Vehumet
Xom
Zin


Innate Abilities, Weirdness & Mutations

You reflexively headbutt those who attack you in melee.
You have a pair of horns on your head.


Message History

You kill Grinder!
Trog accepts your kill.
Your Fighting skill increases to level 6!
Your Armour skill increases to level 5!
You have reached level 7!
You whack the gnoll!
The gnoll is severely wounded.
The gnoll barely misses you. The gnoll hits you with a club.
* * * LOW HITPOINT WARNING * * *
Unknown command.
You hit the gnoll.
The gnoll is almost dead.
The hound bites you.
* * * LOW HITPOINT WARNING * * *
The gnoll closely misses you.
Unknown command.
You closely miss the gnoll. Your headbutt misses the gnoll.
The gnoll is almost dead.
The gnoll hits you from afar with a spear.
You die...

###############
#.............###****
#.#######>.......,,,* #.#
#.###.#####,**** #####.#
##.##*,....,,,,,*
#...#.######...##..##**,**,**
##.............g@h..#
*,*,,,**
...............g##.##
*,,,,,,***
.##.##.#####.#g##*,#
*,,,,,,,,, ....##.#
#.#.#**,*****,,,,,,***
###.##.#
*#.#>.,,,,,,,,,*,,,** #.##.#
**.#.##**,***********
#.##.#**,**#,***,*
###.#*..,,** **,,,,* **
..#.******,***,***** *,


You could see a hound and 3 gnolls.

Vanquished Creatures
  Grinder (D:4)
  Eustachio (D:4)
  The ghost of Inkary the Cudgeler, an amateur MiBe of Trog (D:3)
  A hound (D:4)
  A giant frog skeleton (D:4)
  Natasha (D:2)
  A worker ant (D:4)
  4 adders
  2 oozes
  4 worms
  2 dart slugs
  4 giant geckos
  An orc (D:3)
  8 goblins
  5 hobgoblins
  4 jackals (D:1)
  2 quokkas
  4 bats
  4 giant newts
  5 kobolds
  5 rats
61 creatures vanquished.

Notes
Turn   | Place    | Note
--------------------------------------------------------------
     0 | D:1      | Inkary the Minotaur Berserker began the quest for the Orb.
     0 | D:1      | Reached XP level 1. HP: 19/19 MP: 0/0
   257 | D:1      | Reached XP level 2. HP: 26/27 MP: 1/1
   878 | D:2      | Noticed an angel
   882 | D:2      | Found a glowing silver altar of Zin.
   883 | D:2      | Found a shimmering altar of Xom.
   940 | D:2      | Reached skill level 4 in Fighting
  1146 | D:2      | Reached XP level 3. HP: 31/33 MP: 2/2
  1250 | D:2      | Reached ** piety under Trog
  1475 | D:2      | Noticed Natasha
  1483 | D:2      | Killed Natasha
  1483 | D:2      | Reached XP level 4. HP: 41/41 MP: 3/3
  1642 | D:2      | Found a bloodstained altar of Trog.
  1775 | D:3      | Found a radiant altar of Vehumet.
  1783 | D:3      | Found a burning altar of Makhleb.
  1938 | D:3      | Noticed Inkary's ghost (amateur MiBe)
  1945 | D:3      | Killed Inkary's ghost
  1945 | D:3      | Reached skill level 5 in Fighting
  1945 | D:3      | Reached XP level 5. HP: 48/48 MP: 4/4
  2025 | D:3      | Found a faded altar to an unknown god.
  2195 | D:3      | Found a stormy altar of Qazlal.
  2247 | D:4      | Noticed Eustachio
  2263 | D:4      | Killed Eustachio
  2263 | D:4      | Reached skill level 5 in Maces & Flails
  2263 | D:4      | Reached XP level 6. HP: 56/56 MP: 5/5
  2537 | D:4      | Noticed Grinder
  2541 | D:4      | Paralysed by Grinder for 3 turns
  2547 | D:4      | Killed Grinder
  2547 | D:4      | Reached skill level 6 in Fighting
  2547 | D:4      | Reached skill level 5 in Armour
  2547 | D:4      | Reached XP level 7. HP: 8/63 MP: 6/6
  2549 | D:4      | HP: 4/94 [hound (3)]
  2550 | D:4      | Slain by a gnoll

Skill      XL: |  1  2  3  4  5  6 |
---------------+-------------------+-----
Fighting       | 4 5 6 |  6.1
Maces & Flails | 4 5 |  5.7
Armour         | 3 4 5 |  5.1
Dodging        | 3 4 |  4.6

Action                   |  1- 3 |  4- 6 |  7- 9 || total
-------------------------+-------+-------+-------++-------
Melee: Mace              |    58 |    56 |       ||   114
       Headbutt          |    12 |    14 |       ||    26
       Whip              |       |    29 |     3 ||    32
Invok: Trog's Hand       |       |     4 |       ||     4
       Berserk           |       |     3 |       ||     3
  Use: Scroll            |       |    12 |       ||    12
 Stab: Sleeping          |     1 |     2 |       ||     3
       Distracted        |       |     1 |       ||     1
  Eat: Chunk             |     1 |     7 |       ||     8
Armor: Animal skin       |    11 |       |       ||    11
       Robe              |     1 |    12 |       ||    13
Dodge: Dodged            |    41 |    83 |     2 ||   126
